 Dungeon Crawl Stone Soup version 0.19-a0-526-gbe2e51c (webtiles) character file.

55 epen the Charmwright (level 4, -1/34 HPs)
             Began as a Formicid Skald on June 7, 2016.
             Slain by a crimson imp (2 damage)
             ... summoned by Natasha
             ... on level 2 of the Dungeon.
             The game lasted 00:01:11 (734 turns).

epen the Charmwright (Formicid Skald)                Turns: 734, Time: 00:01:12

Health: -1/34      AC:  4    Str: 15 (16) XL:     4   Next: 14%
Magic:  4/7        EV: 11    Int:  9 (12) God:
Gold:   12         SH:  0    Dex:  8 (11) Spells: 3 memorised, 1 level left

rFire  . . .     SeeInvis +     a - +0 spear
rCold  . . .     Gourm    .     b - +0 leather armour
rNeg   . . .     Faith    .     (no shield)
rPois  .         Spirit   .     (helmet unavailable)
rElec  .         Dismiss  .     (no cloak)
rCorr  .         Reflect  .     l - +0 pair of gloves
SustAt .         Harm     .     (no boots)
MR     .....                    (no amulet)
Stlth  +.........               (no ring)
                                (no ring)

@: lethally poisoned (-1 -> -3), not resistant to hostile enchantments, very
unstealthy
A: permanent stasis, dig shafts and tunnels, four strong arms, antennae 3
a: Dig, Shaft Self


You were on level 2 of the Dungeon.
You were not hungry.

You visited 1 branch of the dungeon, and saw 2 of its levels.

You collected 12 gold pieces.

Inventory:

Hand Weapons
 a - a +0 spear (weapon)
Armour
 b - a +0 leather armour (worn)
 l - a +0 pair of gloves (worn)
Scrolls
 e - 2 scrolls of remove curse {unknown}
 f - a scroll of enchant armour {unknown}
 g - a scroll of teleportation {unknown}
 h - 2 scrolls of immolation {unknown}
 i - 3 scrolls of identify {unknown}
Potions
 k - a potion of berserk rage {unknown}
Books
 c - a book of Battle

   Spells                             Type                      Level
   a - Infusion                       Charms                       1
   b - Shroud of Golubria             Charms/Translocation         2
   c - Song of Slaying                Charms                       2
   d - Spectral Weapon                Hexes/Charms                 3
   e - Regeneration                   Charms/Necromancy            3
Comestibles
 d - a bread ration


   Skills:
 + Level 2.5 Fighting
 * Level 2.5 Polearms
 + Level 1.9 Armour
 + Level 1.3 Dodging
 + Level 2.4 Spellcasting
 * Level 3.4 Charms


You had one spell level left.
You knew the following spells:

 Your Spells              Type           Power        Failure   Level  Hunger
a - Infusion              Chrm           #...         12%         1    ##.....
b - Song of Slaying       Chrm           #.......     14%         2    ###....
c - Spectral Weapon       Hex/Chrm       #.......     69%         3    ####...


Dungeon Overview and Level Annotations

Branches:
Dungeon (2/15)

Altars:

Annotations:
D:2 Natasha, Terence


Innate Abilities, Weirdness & Mutations

You are under a permanent stasis effect.
You can dig through walls and to a lower floor.
Your four strong arms can wield two-handed weapons with a shield.
You have a pair of large antennae on your head. (SInv)


Message History

Natasha claws you!
* * * LOW HITPOINT WARNING * * *
Terence hits you with a falchion.
* * * LOW HITPOINT WARNING * * *
The crimson imp hits you.
* * * LOW HITPOINT WARNING * * *
You swap places.
Natasha barely misses your spectral weapon.
Terence hits your spectral weapon with a falchion.
Your spectral weapon shares its damage with you!
The crimson imp hits you but does no damage.
Unknown command.
It was a potion of degeneration.
There was something very wrong with that liquid.
You feel weakened.
You feel dopey.
You feel clumsy. Natasha claws your spectral weapon.
Your spectral weapon shares its damage with you!
Terence hits your spectral weapon but does no damage.
The crimson imp hits you.
You die...

# #### ..#..
#.#... ...
..>..#♣#.#♣
#....#...#
#...#...#
#5.#♣#.#♣ #.
#@h.# ..#
#..#(5#.. ...
#..#@.#.#♣#.#♣
#..#..#..# .. #
#..#....#. ..
#.#.......+..
#####.#.##..###
.. ..#
...........##
#'##.#
####.#.####
#.##.# # #.#
#.##.# #.#
#####.##.#


You could see Terence, an iron imp, Natasha, a crimson imp and a friendly
spectral spear.

Vanquished Creatures
  Natasha (D:2)
  An adder (D:2)
  2 dart slugs
  A giant cockroach (D:1)
  3 goblins (D:1)
  4 hobgoblins (D:1)
  2 kobolds (D:1)
  2 bats (D:1)
  A giant newt (D:1)
  A rat (D:2)
18 creatures vanquished.

Notes
Turn   | Place    | Note
--------------------------------------------------------------
     0 | D:1      | epen the Formicid Skald began the quest for the Orb.
     0 | D:1      | Reached XP level 1. HP: 16/16 MP: 3/3
    23 | D:1      | Reached skill level 1 in Dodging
    62 | D:1      | Reached XP level 2. HP: 22/22 MP: 5/5
    66 | D:1      | Learned a level 2 spell: Song of Slaying
   412 | D:2      | Reached XP level 3. HP: 28/28 MP: 6/6
   417 | D:2      | Learned a level 3 spell: Spectral Weapon
   443 | D:2      | Noticed Natasha
   451 | D:2      | Killed Natasha
   714 | D:2      | Noticed Natasha
   715 | D:2      | Noticed Terence
   722 | D:2      | Reached XP level 4. HP: 23/34 MP: 3/7
   732 | D:2      | HP: 1/34 [crimson imp[Natasha] (1)]
   734 | D:2      | Slain by a crimson imp

Vault maps used:
D:1:      minmay_arrival_shattered_statue
D:2:      lemuel_doored_altar, first_bread, kennysheep_doodads, uniq_terence,
          uniq_natasha

Skill      XL: |  1 |
---------------+----+-----
Dodging        | 1 |  1.3
Fighting       | |  2.5
Polearms       | |  2.5
Armour         | |  1.9
Spellcasting   | |  2.4
Charms         | |  3.4

Action                   |  1- 3 |  4- 6 || total
-------------------------+-------+-------++-------
Melee: Spear             |    57 |    10 ||    67
 Cast: Spectral Weapon   |     2 |       ||     2
  Use: Potion            |       |     1 ||     1
Armor: Leather armour    |    10 |     3 ||    13
Dodge: Dodged            |    21 |     8 ||    29
